 Dungeon Crawl Stone Soup version 0.32-a0-886-g41c5271027 (webtiles) character file.

Game seed: 16942815243565933478

4 601d51SH the Ruffian (level 1, -6/17 HPs)
             Began as a Gnoll Shapeshifter on Apr 3, 2024.
             Mangled by a kobold
             ... wielding a +2 whip of electrocution
              (20 damage)
             ... on level 1 of the Dungeon.
             The game lasted 00:00:14 (117 turns).

601d51SH the Ruffian (Gnoll Shapeshifter)            Turns: 117, Time: 00:00:15

Health: -6/17      AC:  2    Str: 13    XL:     1   Next: 60%
Magic:  1/1        EV: 12    Int:  9    God:
Gold:   10         SH:  0    Dex: 11    Spells: 0/0 levels left

rFire   . .          .
                       - Unarmed
rCold   . . .        (no shield)
rNeg    . . .        a - +0 animal skin
rPois   .            (helmet currently unavailable)
rElec   .            (cloak currently unavailable)
rCorr   .            (gloves currently unavailable)
SInv    .            (boots currently unavailable)
Will    .....        (no amulet)
Stlth   +            (no ring)
HPRegen 0.22/turn    (no ring)
MPRegen 0.07/turn

%: no passive effects
@: beast-form
A: beast (slay +3), fangs 1, strong nose, distributed training
a: Begin Untransformation


You were on level 1 of the Dungeon.
You were a hulking beast.
You visited 1 branch of the dungeon, and saw 1 of its levels.

You collected 10 gold pieces.

Inventory:

Armour
 a - a +0 animal skin (worn)
Talismans
 c - a beast talisman (active)
 d - a flux talisman
Potions
 b - a potion of lignification
 e - a potion of heal wounds {unknown}


   Skills:
 + Level 2.4 Fighting
 + Level 0.1 Short Blades
 + Level 0.1 Long Blades
 + Level 0.1 Axes
 + Level 0.1 Maces & Flails
 + Level 0.1 Polearms
 + Level 0.1 Staves
 + Level 0.1 Ranged Weapons
 + Level 0.1 Throwing
 + Level 0.1 Armour
 + Level 4.4 Dodging
 + Level 0.1 Stealth
 + Level 0.1 Shields
 + Level 6.4 Unarmed Combat
 + Level 0.1 Spellcasting
 + Level 0.1 Conjurations
 + Level 0.1 Hexes
 + Level 0.1 Summonings
 + Level 0.1 Necromancy
 + Level 0.1 Translocations
 + Level 0.1 Fire Magic
 + Level 0.1 Ice Magic
 + Level 0.1 Air Magic
 + Level 0.1 Earth Magic
 + Level 0.1 Alchemy
 + Level 0.2 Invocations
 + Level 0.1 Evocations
 + Level 6.4 Shapeshifting


You couldn't memorise any spells.
You didn't know any spells.
Your spell library was empty.

Dungeon Overview and Level Annotations

Branches:
Dungeon (1/15)

Altars:


Innate Abilities, Weirdness & Mutations

You are a hulking beast.
Your limbs bulge with bestial killing power. (Slay +3)
You have very sharp teeth.
Your uncanny sense of smell can sniff out nearby items.
Your experience applies equally to all skills.


Message History

The jackal bites you.
You closely miss the jackal.
The jackal stops to sniff the ground.
The jackal bites you. The jackal barely misses you.
You hit the jackal.
The jackal is heavily wounded.
The jackal bites you.
You barely miss the jackal. Your punch misses the jackal.
The jackal is heavily wounded.
The jackal misses you.
You hit the jackal.
You kill the jackal!
You see here a jackal corpse.
A giant cockroach comes into view.
Found a blue potion.
A giant cockroach is nearby!
You closely miss the giant cockroach. The giant cockroach closely misses you.
You hit the giant cockroach.
The giant cockroach is severely wounded.
The giant cockroach barely misses you.
You barely miss the giant cockroach. You punch the giant cockroach.
The giant cockroach is almost dead.
The giant cockroach bites you.
You punch the giant cockroach!
You kill the giant cockroach!
You see here a giant cockroach corpse.
e - a blue potion HP restored.
Found 4 stones.
You now have 10 gold pieces.
You see here 4 stones.
A kobold comes into view.
It is wielding a +2 whip of electrocution.
A kobold is nearby!
The kobold shouts!
A rat comes into view.
You miss the kobold.
The kobold hits you with a +2 whip of electrocution.
You are electrocuted!!
Ouch! That really hurt!
You die...

#.# #.# #+# #.#
#.## ###..#
##.##.#
############...#.#
.........#.......#
.........###...#.#
..<......# ##.##h#
.........# ## #K#
.........# ...
#.#.###### .....
#...# #.r.#.#
#.#.# #..##.#
#...### #.. .#
#.>.#.# ##. #
#...#.#


You could see a kobold and a rat.

Vanquished Creatures
  A giant cockroach (D:1)
  2 jackals (D:1)
3 creatures vanquished.

Notes
Turn   | Place    | Note
-------+----------+-------------------------------------------
     0 | D:1      | 601d51SH the Gnoll Shapeshifter began the quest for the
                  | Orb.
     0 | D:1      | Reached XP level 1. HP: 17/17 MP: 1/1
   117 | D:1      | Mangled by a kobold

Illustrated notes

Levels and vault maps discovered:
D:1:      lemuel_arrival_hallway, layout_loops_corners,
          hellmonk_ecumenical_altar_pennies_from_heaven

Action                     || total
---------------------------++-------
  Melee: Unarmed           ||    11
         Punch             ||     1
 Armour: Animal skin       ||     5
  Dodge: Dodged            ||     6

Table legend: (Time is in decaauts)
 A = Elapsed time spent in this place.
 B = Non-inter-level travel time spent in this place.
 C = Inter-level travel time spent in this place.
 D = Time resting spent in this place.
 E = Time spent auto-exploring this place.
 F = Levels seen in this place.
 G = Mean time per level.
                   A        B        C        D        E       F      G
               +--------+--------+--------+--------+--------+-----+--------+
         Total |    115 |    115 |      0 |      0 |     77 |   1 |  115.0 |
       Dungeon |    115 |    115 |      0 |      0 |     77 |   1 |  115.0 |
               +--------+--------+--------+--------+--------+-----+--------+

Top non-repeatable levels by time:
     D:1: 115 daAuts
